cohdb
Replays
Latest Replays
All Replays
Popular Replays
Top Player Replays
Match Explorer
How It Works
Community
CoH3 Stats
Reddit
Sign in to upload your games and track your stats! →
Sign in with Steam
Match 42636327
Unlisted
Match 42636327
Overview
Messages
Build Orders
End
Selects Italian Combined Arms Battlegroup
Selects Bersaglieri Squad
Bersaglieri Squad
Kradschützen Motorcycle Team
Bersaglieri Squad
Construct Light Support Kompanie
250 Light Carrier
Fire Support Elements
Bersaglieri Squad
Flakvierling Half-track
Tungsten Core Ammunition
Selects Semovente da 75/18 Assault Gun
Selects Carro Armato M13/40 Light Tank
Carro Armato M13/40 Light Tank
Pak 38 Mechanized Group
Selects Pact of Steel
Carro Armato M13/40 Light Tank
Selects Bersaglieri Bolster
Selects Breda Model 30 Light Machine Guns
Semovente da 75/18 Assault Gun
Panzerpioneer Squad
Carro Armato M13/40 Light Tank
Vehicle Survival Package
Irish_Templar
饴果子
h4sjohnson
Frenzy
-=Wings=-
抖音_稳得住0.0
Exf
Gravey
0
0
Comments
sign in to comment!
No comments posted yet!